 Dungeon Crawl Stone Soup version 0.27.1 (webtiles) character file.

Game seed: 4376128472444047903

615495 MajorAdolf the Imperceptible (level 27, -2/179 (202) HPs)
             Began as a Naga Wanderer on Aug 22, 2021.
             Was an Initiate of Gozag.
             Slain by Mara (illusionary) (22 damage)
             ... on level 3 of the Depths.
             The game lasted 03:14:27 (113491 turns).

MajorAdolf the Imperceptible (Naga Wanderer)      Turns: 113491, Time: 03:14:28

HP:   -2/179 (202)  AC: 29    Str: 18    XL:     27
MP:   26/48         EV: 11    Int: 40    God:    Gozag
Gold: 7688          SH: 18    Dex: 10    Spells: 5/60 levels left

rFire    + + +     SeeInvis +   y - staff of fire
rCold    + . .     Faith    .   B - +1 kite shield {rC+}
rNeg     . . .     Spirit   .   W - +2 leather armour of Pathos {Rampage Will+ Int+7}
rPois    +         Reflect  .   c - +1 hat of True Grit {rC+}
rElec    +         Harm     .   X - +2 cloak {Stlth+}
rCorr    .         Rampage  +   O - +2 pair of gloves {Str+3}
Will     +++++                  j - +5 barding of Honour {Int+4 Stlth+} Stlth *+++++++++
                                L - amulet of magic regeneration
HPRegen  0.39/turn              Q - ring "Dagi" {Fire rElec Str-2 Int+3}
MPRegen  0.56/turn              A - ring "Pent" {rF+ MP+9 Int+4}

@: about to teleport, studying 3 skills, heavily drained, very slow
A: AC +9, large, see invisible, deformed body, poison resistance, slowness 2,
spit poison 1, naga tail 2, large bone plates 1, clumsy 1, low mp 1,
strong-willed 2
}: 4/15 runes: decaying, slimy, silver, gossamer
a: Spit Poison, Renounce Religion, Potion Petition, Call Merchant, Bribe Branch


You were on level 3 of the Depths.
You worshipped Gozag.
Gozag was greatly pleased with you.
You visited 12 branches of the dungeon, and saw 52 of its levels.
You also visited: Ossuary and Ice Cave.

You collected 27682 gold pieces.
You spent 8633 gold pieces at shops.
You paid 11361 gold pieces to Gozag.

Inventory:

Hand Weapons
 E - the +9 falchion of Desertification {elec, SInv}
   (You found it on level 6 of the Dungeon)

   It occasionally discharges a powerful burst of electricity upon striking a
   foe.
   SInv:      It lets you see invisible.
Missiles
 m - 88 arrows
Armour
 b - a +0 kite shield of reflection
 c - the +1 hat of True Grit (worn) {rC+}
   (You bought it in a shop on level 15 of the Dungeon)

   rC:        It protects you from cold.
 j - the +5 barding of Honour (worn) {Int+4 Stlth+}
   (You acquired it in an ossuary)

   Int:       It affects your intelligence (+4).
   Stlth:     It makes you more stealthy.
 B - a +1 kite shield of cold resistance (worn)
 C - the +10 tower shield of Ignorance {rN+ Int-4}
   (You found it on level 2 of the Spider Nest)

   Int:       It affects your intelligence (-4).
   rN:        It protects you from negative energy.
 O - a +2 pair of gloves of strength (worn)
 W - the +2 leather armour of Pathos (worn) {Rampage Will+ Int+7}
   (You bought it in a shop on level 2 of the Orcish Mines)

   Int:       It affects your intelligence (+7).
   Rampage:   It bestows one free step when moving towards enemies.
   Will:      It increases your willpower.
 X - a +2 cloak of stealth (worn)
Magical Staves
 y - a staff of fire (weapon)
 Y - a staff of death
Jewellery
 d - a ring of wizardry
 e - a ring of fire
 A - the ring "Pent" (right hand) {rF+ MP+9 Int+4}
   (You bought it in a shop on level 15 of the Dungeon)

   [ring of protection from fire]

   Int:       It affects your intelligence (+4).
   rF:        It protects you from fire.
   MP:        It affects your magic capacity (+9).
 J - the ring of Reume {rC- rN++ rCorr Dex+3 Slay+2}
   (You took it off a deep elf zephyrmancer on level 3 of the Elven Halls)

   [ring of resist corrosion]

   Dex:       It affects your dexterity (+3).
   Slay:      It affects your accuracy & damage with ranged weapons and melee
   (+2).
   rC:        It makes you vulnerable to cold.
   rN:        It greatly protects you from negative energy.
   rCorr:     It protects you from acid and corrosion.
 K - a ring of the Octopus King {Fly AC+1 EV+1 Str+1 Int+1 Dex+1}
   (You found it on level 5 of the Pits of Slime)

   [ring of flight]

   AC:        It affects your AC (+1).
   EV:        It affects your evasion (+1).
   Str:       It affects your strength (+1).
   Int:       It affects your intelligence (+1).
   Dex:       It affects your dexterity (+1).
   Fly:       It grants you flight.
 L - an amulet of magic regeneration (around neck)
 Q - the ring "Dagi" (left hand) {Fire rElec Str-2 Int+3}
   (You bought it in a shop on level 1 of the Pits of Slime)

   [ring of fire]

   It enhances your fire magic.
   Str:       It affects your strength (-2).
   Int:       It affects your intelligence (+3).
   rF:        It protects you from fire.
   rC:        It makes you vulnerable to cold.
   rElec:     It insulates you from electricity.
 S - the ring "Taim" {Wiz Str+2}
   (You found it on level 1 of the Tomb of the Ancients)

   [ring of wizardry]

   It improves your spell success rate.
   Str:       It affects your strength (+2).
 Z - the ring of the Mage {Wiz Will++ Int+3}
   (You found it on level 5 of the Pits of Slime)

   [ring of wizardry]

   It improves your spell success rate.
   Int:       It affects your intelligence (+3).
   Will:      It greatly increases your willpower.
Wands
 f - a wand of iceblast (66)
 k - a wand of paralysis (62)
 R - a wand of acid (37)
 T - a wand of digging (9)
Scrolls
 a - 2 scrolls of blinking
 g - 3 scrolls of torment
 h - 5 scrolls of amnesia
 i - 11 scrolls of fear
 o - 2 scrolls of summoning
 q - 5 scrolls of immolation
 r - 2 scrolls of holy word
 s - 6 scrolls of teleportation
 w - 11 scrolls of enchant weapon
 D - 18 scrolls of identify
 G - 5 scrolls of magic mapping
 H - 7 scrolls of enchant armour
 M - a scroll of silence
 N - 3 scrolls of brand weapon
 U - 9 scrolls of vulnerability
 V - a scroll of fog
Potions
 l - 4 potions of brilliance
 n - 4 potions of cancellation
 p - 6 potions of berserk rage
 t - 26 potions of curing
 u - 3 potions of invisibility
 v - 11 potions of haste
 x - 8 potions of might
 z - 3 potions of mutation
 F - 6 potions of flight
 I - 2 potions of heal wounds
 P - 4 potions of resistance


   Skills:
 - Level 4.0 Fighting
 - Level 3.0 Short Blades
 - Level 3.0(3.1) Axes
 - Level 1.0(2.1) Polearms
 - Level 1.0 Throwing
 - Level 1.5 Armour
 * Level 12.0 Dodging
 + Level 26.1 Stealth
 - Level 15.0 Shields
 + Level 17.0 Spellcasting
 + Level 18.3 Conjurations
 + Level 2.8 Hexes
 + Level 1.8 Summonings
 + Level 17.3 Necromancy
 - Level 10.0 Transmutations
 + Level 18.3 Fire Magic
 - Level 15.0 Earth Magic


You had 5 spell levels left.
You knew the following spells:

 Your Spells              Type           Power      Damage    Failure   Level
a - Foxfire               Conj/Fire      100%       2x1d9     0%          1
b - Conjure Flame         Conj/Fire      100%       6-21      0%          3
c - Starburst             Conj/Fire      79%        6d20      1%          6
d - Sublimation of Blood  Necr           53%        N/A       0%          2
e - Bolt of Magma         Conj/Fire/Erth 78%        4d30      1%          5
f - Fire Storm            Conj/Fire      79%        8d20      50%         9
g - Ignition              Fire           79%        3d21      3%          8
h - Statue Form           Tmut/Erth      62%        N/A       1%          6
i - Necromutation         Tmut/Necr      48%        N/A       24%         8
j - Passwall              Tmut/Erth      78%        N/A       0%          2
k - Summon Mana Viper     Hex/Summ       51%        N/A       11%         5

Your spell library contained the following spells:

 Spells                   Type           Power      Damage    Failure   Level
 Animate Skeleton         Necr           100%       N/A       0%          1
 Beastly Appendage        Tmut           100%       N/A       0%          1
 Pain                     Necr           100%       1d9       0%          1
 Sandblast                Erth           100%       2d20      0%          1
 Stone Arrow              Conj/Erth      100%       3d13      0%          3
 Vampiric Draining        Necr           53%        2d13      0%          3
 Animate Dead             Necr           53%        N/A       0%          4
 Dispel Undead            Necr           100%       3d31      0%          4
 Sticky Flame             Conj/Fire      100%       2d11      0%          4
 Fireball                 Conj/Fire      79%        3d29      0%          5
 Corona                   Hex            60%        N/A       1%          1
 Sting                    Tmut/Pois      100%       1d8       1%          1
 Blink                    Tloc           N/A        N/A       1%          2
 Corpse Rot               Necr/Air       N/A        N/A       1%          2
 Ensorcelled Hibernation  Hex/Ice        90%        N/A       1%          2
 Slow                     Hex            54%        N/A       1%          2
 Static Discharge         Conj/Air       82%        N/A       1%          2
 Wereblood                Tmut           85%        N/A       1%          2
 Call Canine Familiar     Summ           48%        N/A       1%          3
 Confusing Touch          Hex            54%        N/A       1%          3
 Dazzling Flash           Conj/Hex       100%       N/A       1%          3
 Ignite Poison            Fire/Tmut/Pois 100%       N/A       1%          3
 Inner Flame              Hex/Fire       100%       N/A       1%          3
 Mephitic Cloud           Conj/Pois/Air  70%        N/A       1%          3
 Portal Projectile        Hex/Tloc       90%        N/A       1%          3
 Spider Form              Tmut/Pois      32%        N/A       1%          3
 Summon Guardian Golem    Hex/Summ       51%        N/A       1%          3
 Tukima's Dance           Hex            54%        N/A       1%          3
 Animate Armour           Summ/Erth      100%       N/A       1%          4
 Hailstorm                Conj/Ice       82%        3d17      1%          4
 Ice Form                 Ice/Tmut       65%        N/A       1%          4
 Iskenderun's Mystic Bla  Conj/Tloc      82%        2d16      1%          4
 Leda's Liquefaction      Hex/Erth       40%        N/A       1%          4
 Petrify                  Tmut/Erth      94%        N/A       1%          4
 Agony                    Necr           100%       N/A       1%          5
 Blade Hands              Tmut           42%        N/A       1%          5
 Borgnjor's Vile Clutch   Necr/Erth      52%        N/A       1%          5
 Excruciating Wounds      Necr           53%        N/A       1%          5
 Irradiate                Conj/Tmut      49%        3d30      1%          5
 Lee's Rapid Deconstruct  Erth           50%        3d25*     1%          5
 Lightning Bolt           Conj/Air       41%        1d60      1%          5
 Yara's Violent Unravell  Hex/Tmut       35%        3d14      1%          5
 Freezing Cloud           Conj/Ice/Air   35%        6-21      2%          5
 Frozen Ramparts          Ice            68%        1d8       3%          3
 Gell's Gravitas          Tloc           17%        N/A       3%          3
 Lesser Beckoning         Tloc           17%        N/A       3%          3
 Ozocubu's Armour         Ice            34%        N/A       3%          3
 Swiftness                Air            34%        N/A       3%          3
 Teleport Other           Tloc           34%        N/A       3%          3
 Cause Fear               Hex            27%        N/A       3%          4
 Summon Ice Beast         Ice/Summ       41%        N/A       7%          4
 Summon Lightning Spire   Summ/Air       41%        N/A       7%          4
 Airstrike                Air            17%        N/A       10%         4
 Olgreb's Toxic Radiance  Pois           34%        N/A       10%         4
 Metabolic Englaciation   Hex/Ice        22%        N/A       16%         5
 Silence                  Hex/Air        22%        N/A       16%         5
 Summon Forest            Summ/Tloc      20%        N/A       19%         5
 Manifold Assault         Tloc           34%        N/A       28%         5
 Death Channel            Necr           53%        N/A       1%          6
 Iron Shot                Conj/Erth      52%        9d10      1%          6
 Simulacrum               Ice/Necr       40%        N/A       4%          6
 Borgnjor's Revivificati  Necr           53%        N/A       5%          8
 Infestation              Necr           53%        N/A       5%          8
 Lehudib's Crystal Spear  Conj/Erth      52%        10d12     8%          8
 Dragon Form              Tmut           42%        N/A       14%         7
 Haunt                    Necr/Summ      42%        N/A       17%         7
 Eringya's Noxious Bog    Tmut/Pois      32%        N/A       21%         6
 Invisibility             Hex            27%        N/A       45%         6
 Shadow Creatures         Summ           N/A        N/A       58%         6
 Death's Door             Necr           53%        N/A       63%         9
 Storm Form               Tmut/Air       32%        N/A       73%         7
 Dispersal                Tloc           17%        N/A       83%         6
 Shatter                  Erth           50%        3d38*     91%         9
 Monstrous Menagerie      Summ           24%        N/A       99%         7
 Summon Hydra             Summ           24%        N/A       99%         7
 Ozocubu's Refrigeration  Ice            17%        4d8       100%        7
 Disjunction              Tloc           17%        N/A       100%        8
 Maxwell's Capacitive Co  Air            17%        ∞         100%        8
 Dragon's Call            Summ           24%        N/A       100%        9


Dungeon Overview and Level Annotations

Branches:
Dungeon (15/15)            Temple (1/1) D:4            Lair (6/6) D:8
  Swamp (4/4) Lair:3       Spider (4/4) Lair:3        Slime (5/5) Lair:6
    Orc (2/2) D:12            Elf (3/3) Orc:2        Vaults (5/5) D:14
  Crypt (3/3) Vaults:2       Tomb (1/3) Crypt:3      Depths (3/5) D:15
Ossuary (visited)           IceCv (visited)

Altars:
Ashenzari
Cheibriados
Dithmenos
Elyvilon
Fedhas
Gozag
Hepliaklqana
Kikubaaqudgha
Makhleb
Nemelex Xobeh
Okawaru
Qazlal
Ru
Sif Muna
Trog
Uskayaw
Vehumet
Wu Jian
Xom
Yredelemnul
Zin
The Shining One
Jiyva

Shops:
D:7 [   D:9 *:   D:10 (   D:11 *   D:15 =[   Orc:2 [[[*(   Lair:5 ?   Swamp:4 :
Slime:1 =   Slime:2 [   Vaults:1 (   Vaults:3 (****   Vaults:4 [[   Vaults:5 :=
Depths:2 [

Portals:
Hell: Depths:1 Depths:2
Abyss: Depths:1
Trove: D:15 (show abyssal rune of Zot)

Annotations:
D:3 Grinder
Crypt:2 9 runed translucent doors
Depths:3 Mara


Innate Abilities, Weirdness & Mutations

Your serpentine skin is tough. (AC +9)
You have supernaturally acute eyesight. (SInv)
Armour fits poorly on your strangely shaped body.
Your system is resistant to poisons. (rPois)
You cover ground very slowly.
You can spit poison.
You can use your snake-like lower body to constrict enemies.
You are partially covered in large bone plates. (SH +4)
You are clumsy. (Dex -2)
Your magical capacity is low. (-10% MP)
You are highly strong-willed. (Will++)


Message History

You feel a strong surge of power!
The bolt of magma hits Mara!!!
Mara partially resists.
Mara is moderately wounded.
Mara hits you from afar with a +5 demon trident of freezing!!
* * * LOW HITPOINT WARNING * * *
Mara freezes you.
* * * LOW HITPOINT WARNING * * *
Mara closely misses you.
Casting: Bolt of Magma (safe; 1% risk of failure)
Confirm with . or Enter, or press ? or * to list all spells.
You don't know that spell.
You feel much better. Mara hits you but does no damage.
Mara hits you from afar with a +5 demon trident of freezing!!
* * * LOW HITPOINT WARNING * * *
Mara freezes you.
* * * LOW HITPOINT WARNING * * *
Unknown command.
As you read the scroll of teleportation, it crumbles to dust.
You feel strangely unstable.
Mara weaves an illusion.
Mara shimmers and seems to become two!
Mara gestures at you.
There is a horrible, sudden wrenching feeling in your soul!
Mara blinks!
You block Mara's attack. Mara gestures at you. The bolt of fire misses you.
The bolt of fire hits Mara.
Mara resists.
You block Mara's attack.
Mara blinks!
MajorAdolf's illusion mumbles some strange words.
You block Mara's attack.
Unknown command.
You rampage towards Mara!
You barely miss Mara. Your grab misses Mara.
Mara is moderately wounded.
Mara hits you with a +5 demon trident of freezing!!
* * * LOW HITPOINT WARNING * * *
Mara freezes you.
* * * LOW HITPOINT WARNING * * *
Mara hits you with a +5 demon trident of freezing!!
You die...
Your body crumbles into a pile of gold.

##### #≈≈≈## $
#≈≈≈≈#$$# ##≈≈≈#
$$# #≈≈≈≈##$$#
##S≈≈≈≈R#
##.$R.≈≈≈##
##...@@≈≈≈≈#
#.....R≈≈≈≈#
#.......≈≈≈≈≈#
...........≈≈≈≈#
............≈≈≈#
............≈≈≈#
............≈≈.#
R.####.......≈.#
##........#


You could see 3 Maras, a mana viper (summoned) and MajorAdolf's illusion.

Vanquished Creatures
  the Royal Jelly (Slime:5)
  5 dread liches
  2 ancient liches
  4 royal mummies (Tomb:1)
  Boris (4 times) (Vaults:3 Vaults:5 Tomb:1 Depths:3)
  Saint Roka (Vaults:3)
  Margery (Vaults:4)
  A caustic shrike (Depths:2)
  2 golden dragons (Vaults:5)
  Nikola (Vaults:2)
  A bone dragon (Crypt:3)
  2 deep elf blademasters
  3 tentacled monstrosities
  3 liches
  Asterion (Elf:3)
  5 titans
  The ghost of Vuykkinei the Brawler, an adept TrBe of Trog (Spider:2)
  21 acid blobs
  2 deep elf master archers (Elf:3)
  11 sphinxes
  10 ancient champions
  3 tengu reavers
  2 thorn hunters (Swamp:4)
  4 shadow dragons
  Donald (Swamp:2)
  5 revenants
  2 storm dragons
  Roxanne (Swamp:1)
  10 azure jellies
  3 fenstrider witches (Swamp:4)
  An iron dragon (Vaults:5)
  7 rockslimes
  8 frost giants
  4 fire giants
  6 deep elf sorcerers
  15 vault wardens
  Louise (Swamp:2)
  2 ghouls
  2 curse skulls (Crypt:2)
  2 ghost moths
  The ghost of MajorAdolf the Covert, a journeyman NaWn of Gozag (Lair:5)
  9 deep elf elementalists (Elf:3)
  4 emperor scorpions
  The ghost of Bananafolds the Warrior, a journeyman MfSk of Makhleb (Lair:4)
  13 ironbound preservers
  A spectral caustic shrike (Depths:3)
  22 very ugly things
  13 quicksilver oozes
  14 stone giants
  3 war gargoyles
  Nessos (D:14)
  10 deep elf annihilators
  7 deep elf demonologists
  6 vampire knights
  6 entropy weavers
  5 spark wasps
  A spark wasp (shapeshifter) (Vaults:5)
  A white draconian (IceCv)
  2 spectral titans (Depths:3)
  An entropy weaver (shapeshifter) (Vaults:5)
  4 dire elephants
  3 bunyips
  5 eidola
  10 deep elf death magi
  Snorg (D:14)
  3 eleionomae (Swamp:4)
  5 mummy priests (Tomb:1)
  3 crystal guardians
  3 blizzard demons
  A shambling mangrove (Swamp:2)
  6 jiangshi (Crypt:3)
  8 fire dragons
  A spectral golden dragon (Depths:3)
  11 great orbs of eyes
  4 deep elf high priests
  12 yaktaur captains
  25 hydras
  38 vault guards
  6 ettins
  An ice dragon (Depths:1)
  Harold (D:7)
  4 boulder beetles
  2 spectral tengu (Depths:3)
  5 rakshasas
  3 hell beasts
  2 juggernaut simulacra (Depths:3)
  4 peacekeepers
  5 ironbound thunderhulks
  A spriggan air mage (Depths:2)
  3 death knights
  13 ironbound frosthearts
  4 ogre magi
  3 ghost crabs
  8 centaur warriors
  An anaconda (Lair:6)
  2 spectral frost giants (Depths:3)
  A catoblepas (Lair:6)
  A spectral fire giant (Depths:3)
  7 deep troll shamans
  9 alligators
  4 tengu warriors
  19 death scarabs
  9 two-headed ogres
  4 death yaks (Lair:6)
  10 vampire magi
  Urug (D:11)
  5 deep troll earth magi
  2 spriggan berserkers (Swamp:4)
  6 orc high priests
  A spectral storm dragon (Depths:3)
  3 ironbound beastmasters
  2 spectral spriggans (Depths:3)
  A storm dragon zombie (Crypt:2)
  14 deep elf knights
  8 hell knights
  6 iron trolls
  2 soul eaters
  4 spectral elves (Depths:3)
  2 titan skeletons
  2 shadow wraiths
  16 skeletal warriors
  3 goliath frogs
  2 spectral spark wasps (Depths:3)
  3 death drakes
  2 sixfirhies (Swamp:4)
  A goliath frog (shapeshifter) (Vaults:5)
  An anaconda zombie (Crypt:2)
  35 deep trolls
  A spectral iron dragon (Depths:3)
  4 spriggan druids
  10 deep elf archers
  7 flayed ghosts
  A lindwurm (shapeshifter) (D:13)
  2 shadow dragon zombies
  3 swamp dragons
  Pikel (D:6)
  5 bog bodies
  18 ironbound convokers
  13 phantasmal warriors
  4 spectral wolf spiders (Spider:4)
  5 necromancers
  12 wizards
  3 orange crystal statues
  2 lindwurms (Vaults:3)
  3 orc knights
  7 harpies
  35 deep elf pyromancers
  51 ugly things
  An iron dragon zombie (Crypt:2)
  19 orb spiders
  22 deep elf zephyrmancers
  33 wolf spiders
  An eleionoma zombie (Crypt:3)
  9 shining eyes
  7 orc sorcerers
  9 manticores
  6 cyclopes
  3 sphinx skeletons
  3 fire giant zombies
  4 moths of wrath
  2 will-o-the-wisps
  A fire giant skeleton (Crypt:2)
  An iron dragon skeleton (Tomb:1)
  A frost giant skeleton (Crypt:3)
  A human skeleton (Vaults:2)
  A black mamba (Lair:1)
  10 apocalypse crabs (Depths:2)
  10 cane toads
  4 eyes of devastation
  2 naga magi (D:15)
  17 elephants
  An elephant slug zombie (Crypt:3)
  2 gargoyles
  An orange demon (Swamp:4)
  2 torpor snails
  21 vault sentinels
  2 unseen horrors (Depths:1)
  An unseen horror (shapeshifter) (D:14)
  2 redback zombies
  29 yaktaurs
  5 spectral redbacks (Spider:4)
  9 komodo dragons
  A catoblepas zombie (Crypt:3)
  7 freezing wraiths
  2 golden dragon simulacra (Depths:3)
  A tengu conjurer (Depths:2)
  11 demonic crawlers
  20 rime drakes
  A pale draconian skeleton (Crypt:1)
  2 hellwings (Swamp:4)
  4 guardian mummies (Tomb:1)
  A hydra zombie (Crypt:3)
  3 meliai (D:13)
  A troll (shapeshifter) (D:10)
  5 trolls
  47 jumping spiders
  4 spectral tarantellas (Spider:4)
  The ghost of coffeespoons the Chucker, an amateur TrHu of Hepliaklqana (D:4)
  A harpy skeleton (Crypt:2)
  17 polar bears
  6 tyrant leeches
  A tengu simulacrum (Depths:3)
  18 hornets
  A jumping spider (shapeshifter) (Elf:1)
  5 raiju (D:13)
  4 spectral jumping spiders (Spider:4)
  A shadow dragon simulacrum (Depths:3)
  117 slime creatures
  3 hornets (shapeshifter)
  3 tarantella zombies (Spider:4)
  5 dream sheep (Lair:4)
  15 blink frogs
  A guardian serpent zombie (Crypt:2)
  A jumping spider zombie (Spider:4)
  2 fire dragon skeletons
  A black mamba zombie (Crypt:2)
  An ice dragon skeleton (Crypt:3)
  4 air elementals
  9 flying skulls
  8 water elementals
  81 redbacks
  A human (D:14)
  26 tarantellas
  A dire elephant simulacrum (Crypt:2)
  4 vampires
  An alligator skeleton (Crypt:3)
  8 ushabtiu (Tomb:1)
  43 yaks
  15 spriggans
  10 wraiths
  7 basilisks
  A basilisk (shapeshifter) (D:12)
  A black mamba skeleton (Crypt:1)
  2 fire elementals
  4 golden eyes
  A neqoxec (Swamp:4)
  12 wyverns
  A steam dragon (D:7)
  2 fire bats (Depths:2)
  A catoblepas simulacrum (Crypt:2)
  4 chaos spawn (Swamp:4)
  6 vampire mosquitoes
  A monstrous demonspawn zombie (Crypt:1)
  2 merfolk zombies
  16 swamp worms
  A glowing shapeshifter zombie (Crypt:1)
  2 acid dragons (D:11)
  A faun zombie (Crypt:3)
  A floating eye (Slime:5)
  3 hell hounds (Elf:3)
  7 water moccasins
  3 spectral hornets (Spider:4)
  An ice beast (D:6)
  A meliai simulacrum (D:14)
  3 sky beasts
  6 boggarts
  A cane toad skeleton (Crypt:3)
  A black bear (D:5)
  A blink frog zombie (Crypt:2)
  8 ogres
  29 orc warriors
  24 wolves
  A hornet zombie (Spider:4)
  A necrophage (Crypt:2)
  A snapping turtle skeleton (Crypt:2)
  A dream sheep skeleton (Crypt:3)
  2 lemures (D:6)
  14 centaurs
  An elephant skeleton (Crypt:3)
  A phantom (D:4)
  A palentonga zombie (Crypt:2)
  11 bullfrogs
  3 gnoll sergeants
  5 kobold brigands
  A wyvern zombie (D:5)
  2 earth elementals
  A scorpion (D:6)
  A komodo dragon skeleton (Crypt:1)
  A wyvern skeleton (D:7)
  A hornet simulacrum (D:15)
  A water moccasin skeleton (D:4)
  15 killer bees
  A spriggan zombie (Crypt:1)
  3 howler monkeys (D:10)
  A troll skeleton (Crypt:2)
  A bullfrog zombie (D:5)
  5 hounds
  A jelly (D:4)
  31 orc priests
  7 centaur zombies
  A gnoll shaman (D:10)
  3 centaur skeletons
  4 iguanas
  2 bullfrog skeletons (D:4)
  31 orc wizards
  A killer bee zombie (D:7)
  2 ogre zombies
  A tengu zombie (Crypt:2)
  An ogre skeleton (Crypt:2)
  A hound skeleton (D:4)
  20 mummies
  23 gnolls
  A howler monkey zombie (D:8)
  3 adders
  A shadow imp (D:7)
  A white imp (D:8)
  An iguana zombie (Crypt:2)
  An adder skeleton (Crypt:1)
  A worm (D:2)
  2 dart slugs
  79 orcs
  8 bats
  4 endoplasms
  7 giant cockroaches
  A gnoll zombie (Ossuary)
  9 goblins
  4 hobgoblins
  2 jackals (D:2)
  3 quokkas
  6 ball pythons
  A ball python skeleton (Crypt:1)
  A dart slug zombie (Crypt:1)
  2 frilled lizards
  3 hobgoblin zombies
  30 kobolds
  4 kobold zombies
  2 orc zombies (Ossuary)
  2 rats
  A rat zombie (Crypt:2)
  3 briar patches (Swamp:4)
  4 bushes (Lair:5)
2179 creatures vanquished.

Vanquished Creatures (collateral kills)
  4 foxfires
4 creatures vanquished.

Vanquished Creatures (others)
  33 dancing weapons
  A deep elf archer (Elf:1)
  A deep elf zephyrmancer (Elf:3)
  2 rime drakes (IceCv)
  2 polar bears (IceCv)
  An air elemental (Elf:3)
  A water elemental (Elf:3)
  A quokka (D:14)
  11 bushes (D:6)
  1987 foxfires
  21 fungi
  37 plants
  7 withered plants (Crypt:3)
2105 creatures vanquished.

Grand Total: 4288 creatures vanquished

Notes
Turn   | Place    | Note
-------+----------+-------------------------------------------
     0 | D:1      | MajorAdolf the Naga Wanderer began the quest for the Orb.
     0 | D:1      | MajorAdolf set off with the following items: a +2 dagger, 4
                  | curare-tipped darts, a +0 shortbow, 27 arrows, a +0 hand
                  | axe, a +0 robe
     0 | D:1      | Reached XP level 1. HP: 19/19 MP: 1/1
   233 | D:1      | Reached skill level 2 in Stealth
   240 | D:1      | Reached XP level 2. HP: 6/26 MP: 2/2
   803 | D:1      | Reached skill level 1 in Short Blades
  1255 | D:1      | Found a faded altar of an unknown god.
  1365 | D:1      | Reached XP level 3. HP: 15/33 MP: 3/3
  2087 | D:2      | Reached skill level 3 in Stealth
  2095 | D:2      | Found a bloodstained altar of Trog.
  3453 | D:3      | Reached XP level 4. HP: 26/40 MP: 1/4
  3742 | D:3      | Noticed Grinder
  3743 | D:3      | Paralysed by Grinder for 4 turns
  3789 | D:4      | Found a sand-covered staircase.
  3798 | Ossuary  | Entered an ossuary
  4245 | Ossuary  | Reached skill level 4 in Stealth
  4427 | Ossuary  | Learned a level 1 spell: Foxfire
  4591 | Ossuary  | Reached XP level 5. HP: 40/49 MP: 1/5
  4649 | Ossuary  | Learned a level 3 spell: Conjure Flame
  5366 | Ossuary  | Identified 2 scrolls of acquirement
  5368 | Ossuary  | Acquired the +5 barding of Honour {Int+4 Stlth+}
  5380 | Ossuary  | Acquired the Volume of Creative Conjuration
  5569 | D:4      | Found a runed translucent door.
  5574 | D:4      | Reached skill level 1 in Spellcasting
  5574 | D:4      | Reached skill level 1 in Conjurations
  5574 | D:4      | Reached skill level 1 in Fire Magic
  5631 | D:4      | Noticed coffeespoons's ghost (amateur TrHu)
  5647 | D:4      | Reached XP level 6. HP: 51/56 MP: 5/7
  5675 | D:4      | Reached skill level 5 in Stealth
  6542 | D:4      | Reached XP level 7. HP: 63/63 MP: 5/9
  6607 | D:4      | Found an ornate altar of the Wu Jian Council.
  7161 | D:4      | Found a staircase to the Ecumenical Temple.
  7550 | D:4      | Reached skill level 6 in Stealth
  7641 | D:4      | Learned a level 6 spell: Starburst
  7975 | Temple   | Entered the Ecumenical Temple
  8102 | Temple   | Became a worshipper of Gozag Ym Sagoz the Greedy
  8160 | D:5      | Entered Level 5 of the Dungeon
  8262 | D:5      | Found a burning altar of Makhleb.
  8367 | D:5      | Reached skill level 1 in Shields
  8586 | D:5      | Reached XP level 8. HP: 72/72 MP: 0/12
  9395 | D:5      | Reached skill level 7 in Stealth
 10746 | D:6      | Identified the +9 falchion of Desertification {elec, SInv}
 10761 | D:6      | Reached skill level 8 in Stealth
 11005 | D:6      | Noticed Pikel
 11894 | D:6      | Killed Pikel
 11895 | D:6      | Reached XP level 9. HP: 78/78 MP: 9/15
 12326 | D:7      | Noticed Harold
 12568 | D:3      | Found a bloodstained altar of Trog.
 13286 | D:4      | Killed coffeespoons's ghost
 13287 | D:4      | Reached skill level 9 in Stealth
 13399 | D:7      | Reached skill level 5 in Conjurations
 13399 | D:7      | Reached skill level 5 in Fire Magic
 14006 | D:7      | Found Xuocatwylu's Antique Armour Shoppe.
 14100 | D:7      | Reached skill level 5 in Spellcasting
 14280 | D:7      | Reached XP level 10. HP: 85/85 MP: 13/17
 14508 | D:7      | Reached skill level 10 in Stealth
 15041 | D:7      | Killed Harold
 15202 | D:7      | Bought an embroidered robe for 103 gold pieces
 15653 | D:8      | Found an iron altar of Okawaru.
 15696 | D:8      | Identified the +4 hand axe "Xufoawo" {venom, Fragile +Blink
                  | Str+8 Dex-3}
 16046 | D:8      | Reached skill level 11 in Stealth
 16047 | D:8      | Reached skill level 5 in Shields
 16590 | D:8      | Found a staircase to the Lair.
 16621 | Lair:1   | Entered Level 1 of the Lair of Beasts
 16621 | Lair:1   | Noticed a cane toad
 16626 | Lair:1   | Noticed a cane toad
 16947 | D:8      | Identified the +1 ring mail "Topanof" {*Slow rF+ Int+4
                  | SInv}
 17135 | D:9      | Found Zyicin's General Store.
 17185 | D:9      | Noticed a two-headed ogre
 17189 | D:9      | Killed a two-headed ogre
 17190 | D:9      | Reached XP level 11. HP: 92/92 MP: 20/20
 17312 | D:9      | Found a shadowy altar of Dithmenos.
 17317 | D:9      | You fall into a shaft and drop 2 floors!
 17346 | D:10     | Entered Level 10 of the Dungeon
 17355 | D:10     | Noticed a two-headed ogre
 17485 | D:9      | Learned a level 2 spell: Sublimation of Blood
 17497 | D:9      | You fall into a shaft and drop 2 floors!
 17497 | D:11     | Noticed Urug
 17519 | D:11     | Killed Urug
 17742 | D:11     | Acquired 463 gold pieces
 17749 | D:10     | Noticed a manticore
 17765 | D:10     | Reached skill level 1 in Necromancy
 17886 | D:10     | Killed a two-headed ogre
 17887 | D:10     | Reached skill level 12 in Stealth
 17995 | D:10     | Noticed a two-headed ogre
 18857 | D:10     | Killed a manticore
 19087 | D:10     | Identified the +6 trident "Weawkemo" {antimagic, rF++
                  | Will++ rCorr}
 19303 | D:10     | Found a broken altar of Ashenzari.
 19608 | D:10     | Killed a two-headed ogre
 19790 | D:10     | Noticed a brown ugly thing
 19792 | D:10     | Noticed a cyan ugly thing
 19792 | D:10     | Noticed a five-headed hydra
 19879 | D:10     | Killed a five-headed hydra
 20215 | D:10     | Found Xywniet's Antique Weapon Emporium.
 20364 | D:11     | Noticed a two-headed ogre
 20397 | D:11     | Killed a two-headed ogre
 20398 | D:11     | Reached XP level 12. HP: 99/99 MP: 13/22
 20523 | D:11     | Reached skill level 13 in Stealth
 20889 | D:11     | Found Baeschog's Neck Hole.
 21252 | D:9      | Bought a manual of Shields for 1280 gold pieces
 21512 | D:12     | Got Sif Muna's Disquisition on Shifting Heat
 21659 | D:12     | Found a staircase to the Orcish Mines.
 21850 | D:12     | Noticed a two-headed ogre
 21857 | D:12     | Killed a two-headed ogre
 24067 | Lair:1   | Noticed a four-headed hydra
 24073 | Lair:1   | Killed a four-headed hydra
 24074 | Lair:1   | Reached skill level 5 in Necromancy
 24326 | Lair:1   | Noticed a six-headed hydra
 24331 | Lair:1   | Killed a six-headed hydra
 24609 | Lair:1   | Reached skill level 14 in Stealth
 25026 | Lair:2   | Gained mutation: You can use your snake-like lower body to
                  | constrict enemies. [Naga growth]
 25026 | Lair:2   | Reached XP level 13. HP: 105/105 MP: 19/25
 26301 | D:9      | Bought the Grimoire of Freezing Combat Magic for 768 gold
                  | pieces
 26307 | D:9      | Learned a level 5 spell: Bolt of Magma
 26317 | D:9      | Learned a level 9 spell: Fire Storm
 26394 | Orc:1    | Entered Level 1 of the Orcish Mines
 26900 | Orc:1    | Noticed an ettin
 26903 | Orc:1    | Killed an ettin
 27321 | Orc:1    | Reached skill level 1 in Earth Magic
 27906 | Orc:2    | Entered Level 2 of the Orcish Mines
 28295 | Orc:2    | Found Leninin's Armour Shoppe.
 28815 | Orc:2    | Found Poymmoacw's Weapon Shop.
 28815 | Orc:2    | Found Zeapuum's Antique Armour Boutique.
 28815 | Orc:2    | Found Optoyraa's Armour Boutique.
 29163 | Orc:2    | Found Masatt's General Store.
 29327 | Orc:2    | Bought the +2 leather armour of Pathos {Rampage Will+
                  | Int+7} for 628 gold pieces
 29338 | Orc:2    | Bought a runed cloak for 322 gold pieces
 29338 | Orc:2    | Bought a pair of runed gloves for 322 gold pieces
 29458 | Orc:2    | Found a staircase to the Elven Halls.
 30659 | Lair:3   | Reached skill level 15 in Stealth
 30853 | Lair:3   | Found a hole to the Spider Nest.
 31146 | Lair:3   | Found a staircase to the Swamp.
 31542 | Lair:3   | Reached skill level 10 in Fire Magic
 32018 | Lair:4   | Found a runed translucent door.
 32023 | Lair:4   | Found a shimmering altar of Xom.
 32023 | Lair:4   | Identified the +3 great sword of Kourchuby {chaos, *Rage
                  | rCorr Str+2 Int+9}
 32023 | Lair:4   | Noticed Bananafolds's ghost (journeyman MfSk)
 32053 | Lair:4   | Reached XP level 14. HP: 105/114 MP: 9/27
 32066 | Lair:4   | Reached skill level 10 in Conjurations
 33083 | Lair:5   | Found a large runed translucent door.
 33084 | Lair:5   | Found a large runed translucent door.
 33086 | Lair:5   | Noticed MajorAdolf's ghost (journeyman NaWn)
 34335 | Lair:5   | Killed MajorAdolf's ghost
 34403 | Lair:6   | Entered Level 6 of the Lair of Beasts
 34602 | Lair:6   | Reached skill level 10 in Shields
 35240 | Lair:6   | Found a staircase to the Slime Pits.
 35515 | Lair:6   | Reached skill level 16 in Stealth
 35522 | Lair:6   | Reached skill level 5 in Earth Magic
 36417 | Lair:6   | Noticed a dire elephant
 36556 | Lair:6   | Reached XP level 15. HP: 120/120 MP: 16/28
 37087 | Lair:6   | Reached skill level 10 in Spellcasting
 38317 | D:13     | Noticed a storm dragon
 38713 | D:13     | Found the +8 arc blade {discharge, rElec}
 38758 | D:13     | Killed a storm dragon
 39479 | D:14     | Noticed Nessos
 39482 | D:14     | Killed Nessos
 39763 | D:14     | Noticed Snorg
 39779 | D:14     | Killed Snorg
 40860 | D:14     | Found a gate to the Vaults.
 41044 | D:14     | Found a white marble altar of Elyvilon.
 41470 | D:14     | Reached skill level 17 in Stealth
 41790 | D:15     | Entered Level 15 of the Dungeon
 42451 | D:15     | Reached XP level 16. HP: 120/127 MP: 7/30
 42628 | D:15     | Found a staircase to the Depths.
 42905 | D:15     | Found a portal to a secret trove of treasure.
 43798 | D:15     | Bought the +1 hat of True Grit {rC+} for 414 gold pieces
 43816 | D:15     | Bought the ring "Pent" {rF+ MP+9 Int+4} for 1067 gold
                  | pieces
 44216 | Spider:1 | Entered Level 1 of the Spider Nest
 46690 | Spider:2 | Found the +10 tower shield of Ignorance {rN+ Int-4}
 47438 | Spider:2 | Reached skill level 10 in Necromancy
 47548 | Spider:2 | Reached skill level 18 in Stealth
 47992 | Spider:2 | Found a runed translucent gate.
 47992 | Spider:2 | Found a runed translucent gate.
 47993 | Spider:2 | Found a runed translucent gate.
 47996 | Spider:2 | Noticed Vuykkinei's ghost (adept TrBe)
 48877 | Spider:2 | Reached XP level 17. HP: 131/133 MP: 31/32
 48888 | Spider:2 | Killed Vuykkinei's ghost
 50492 | Spider:4 | Entered Level 4 of the Spider Nest
 54381 | Spider:4 | Reached XP level 18. HP: 141/141 MP: 32/33
 54647 | Spider:4 | Got a gossamer rune of Zot
 55009 | Lair:4   | Reached skill level 19 in Stealth
 55009 | Lair:4   | Killed Bananafolds's ghost
 55085 | Swamp:1  | Entered Level 1 of the Swamp
 55556 | Swamp:1  | Identified Roxanne's Disquisition on Shape Shifting
 55556 | Swamp:1  | Noticed Roxanne
 55948 | Swamp:2  | Noticed Louise
 55969 | Swamp:2  | Killed Louise
 56422 | Swamp:2  | Noticed Donald
 56428 | Swamp:2  | Killed Donald
 57398 | Swamp:3  | Gained mutation: You are somewhat resistant to further
                  | mutation. [potion of mutation]
 57751 | Swamp:3  | Lost mutation: You are somewhat resistant to further
                  | mutation. [potion of mutation]
 57751 | Swamp:3  | Gained mutation: You are partially covered in large bone
                  | plates. (SH +4) [potion of mutation]
 57751 | Swamp:3  | Gained mutation: Your magical capacity is low. (-10% MP)
                  | [potion of mutation]
 57774 | Swamp:4  | Entered Level 4 of the Swamp
 58372 | Swamp:4  | Noticed a tentacled monstrosity
 58377 | Swamp:4  | Killed a tentacled monstrosity
 58636 | Swamp:4  | Bought the Unrestrained Analects for 836 gold pieces
 58645 | Swamp:4  | Learned a level 8 spell: Ignition
 58993 | Swamp:4  | Reached XP level 19. HP: 118/147 MP: 18/31
 59494 | Swamp:4  | Reached skill level 10 in Earth Magic
 60313 | Swamp:4  | Got a decaying rune of Zot
 60408 | Swamp:4  | Noticed a tentacled monstrosity
 60415 | Swamp:4  | Killed a tentacled monstrosity
 60630 | Swamp:4  | Reached skill level 20 in Stealth
 61045 | Swamp:1  | Killed Roxanne
 61274 | Swamp:1  | Learned a level 6 spell: Statue Form
 61509 | Lair:5   | Bought a scroll of teleportation for 42 gold pieces
 61509 | Lair:5   | Bought a scroll of enchant armour for 105 gold pieces
 61509 | Lair:5   | Bought a scroll of magic mapping for 49 gold pieces
 61509 | Lair:5   | Bought a scroll of fog for 28 gold pieces
 61509 | Lair:5   | Bought a scroll of blinking for 105 gold pieces
 61782 | Elf:1    | Entered Level 1 of the Elven Halls
 61790 | Elf:1    | Paralysed by an air elemental for 1 turns
 63152 | Elf:1    | You fall into a shaft and drop 1 floor!
 63176 | Elf:2    | Found a frozen archway.
 63180 | IceCv    | Entered an ice cave
 65974 | Elf:2    | Reached XP level 20. HP: 154/154 MP: 23/33
 66878 | Elf:2    | Found a runed translucent gate.
 66878 | Elf:2    | Found a runed translucent gate.
 66879 | Elf:2    | Found a runed translucent gate.
 68568 | Elf:3    | Entered Level 3 of the Elven Halls
 68568 | Elf:3    | Noticed Asterion
 68572 | Elf:3    | Killed Asterion
 69377 | Elf:3    | Reached skill level 21 in Stealth
 69793 | Elf:3    | Identified the ring of Reume {rC- rN++ rCorr Dex+3 Slay+2}
 71179 | Elf:3    | Reached XP level 21. HP: 162/162 MP: 33/34
 71181 | Elf:3    | Identified the +0 robe of Pessimism {*Corrode rN+ Regen+}
 71181 | Elf:3    | Identified the ring "Xeudoj" {Fly rF+ rN++ Str-3}
 72137 | Elf:3    | Identified the +9 hunting sling of Otosynt {freeze, rN+}
 72168 | Elf:3    | Identified the +5 hand crossbow "Vilass" {venom, rPois rF-
                  | Int+7}
 72428 | Elf:3    | Identified the +2 helmet of the Enchanted Forest {*Slow rC+
                  | Will+ Stlth+}
 72447 | Elf:3    | Got the Collected Works on the Glacial Volcanoes
 73530 | Slime:1  | Entered Level 1 of the Pits of Slime
 73849 | Slime:1  | Gained mutation: Your muscles are strong. (Str +2) [a
                  | shining eye]
 73912 | Slime:1  | Gained mutation: You are clumsy. (Dex -2) [a shining eye]
 75727 | Slime:2  | Reached skill level 15 in Conjurations
 75727 | Slime:2  | Reached skill level 15 in Fire Magic
 75975 | Slime:1  | Bought the ring "Dagi" {Fire rElec Str-2 Int+3} for 657
                  | gold pieces
 76175 | Slime:1  | Gained mutation: Your body sometimes deteriorates upon
                  | taking damage. [a shining eye]
 78387 | Slime:4  | Gained mutation: You do not regenerate when monsters are
                  | visible. [a shining eye]
 78447 | Slime:4  | Found a viscous altar of Jiyva.
 78520 | Slime:4  | Reached skill level 22 in Stealth
 79312 | Slime:5  | Entered Level 5 of the Pits of Slime
 79613 | Slime:5  | Reached XP level 22. HP: 169/169 MP: 26/36
 79831 | Slime:5  | Noticed the Royal Jelly
 80120 | Slime:5  | Killed the Royal Jelly
 80456 | Slime:4  | HP: 7/169 [slime creature (14)]
 82927 | Slime:5  | Gained mutation: You are very clumsy. (Dex -4) [a shining
                  | eye]
 83358 | Slime:5  | Found the ring of the Octopus King
 83406 | Slime:5  | Found the ring of the Mage {Wiz Will++ Int+3}
 83414 | Slime:5  | Got Advanced Spellcraft
 83488 | Slime:5  | Identified a ring of the Octopus King {Fly AC+1 EV+1 Str+1
                  | Int+1 Dex+1}
 83556 | Slime:5  | Got a slimy rune of Zot
 83562 | Slime:5  | Got Sif Muna's Guide on the Blaze and Translocation
 84188 | Slime:5  | Lost mutation: Your muscles are strong. (Str +2) [potion of
                  | mutation]
 84188 | Slime:5  | Lost mutation: Your body sometimes deteriorates upon taking
                  | damage. [potion of mutation]
 84596 | Vaults:1 | Entered Level 1 of the Vaults
 84850 | Vaults:1 | Reached skill level 1 in Dodging
 84952 | Vaults:1 | Lost mutation: You are very clumsy. (Dex -4) [potion of
                  | mutation]
 84952 | Vaults:1 | Lost mutation: You do not regenerate when monsters are
                  | visible. [potion of mutation]
 84952 | Vaults:1 | Gained mutation: You occasionally shout uncontrollably at
                  | your foes. [potion of mutation]
 84952 | Vaults:1 | Gained mutation: You are somewhat resistant to further
                  | mutation. [potion of mutation]
 85840 | Vaults:1 | Found Hehete's Weapon Shoppe.
 87654 | Vaults:2 | Reached XP level 23. HP: 175/175 MP: 13/37
 87837 | Vaults:2 | Got the Handbook of Earth and Ice
 88162 | Vaults:2 | Found a staircase to the Crypt.
 88336 | Vaults:2 | Noticed Nikola
 88342 | Vaults:2 | Killed Nikola
 88926 | Vaults:2 | You fall into a shaft and drop 1 floor!
 89322 | Vaults:3 | Got the Compendium of the Rocks
 89323 | Vaults:3 | Found Waichell's General Store.
 89656 | Vaults:3 | Reached skill level 23 in Stealth
 89656 | Vaults:3 | Reached skill level 15 in Shields
 89800 | Vaults:3 | Learned a level 8 spell: Necromutation
 89889 | Vaults:3 | Reached skill level 1 in Transmutations
 89890 | Vaults:3 | Reached skill level 5 in Dodging
 90020 | Vaults:3 | Found Tirask's Assorted Antiques.
 90027 | Vaults:3 | Found Cucos's General Store.
 90028 | Vaults:3 | Bought a scroll of teleportation for 117 gold pieces
 90028 | Vaults:3 | Bought a scroll of fear for 136 gold pieces
 90028 | Vaults:3 | Bought 2 potions of curing for 234 gold pieces
 90142 | Vaults:3 | Bought a potion of brilliance for 72 gold pieces
 90151 | Vaults:3 | Found Daybb's Assorted Antiques.
 90157 | Vaults:3 | Bought a potion of resistance for 340 gold pieces
 90157 | Vaults:3 | Bought a scroll of enchant armour for 255 gold pieces
 90189 | Vaults:3 | Noticed Boris
 90193 | Vaults:3 | Killed Boris
 91193 | Vaults:3 | Noticed Saint Roka
 91211 | Vaults:3 | Killed Saint Roka
 91451 | Vaults:3 | Found Lecod's Antique Weapon Boutique.
 92315 | Vaults:4 | Noticed Margery
 92319 | Vaults:4 | Killed Margery
 92320 | Vaults:4 | Reached skill level 15 in Spellcasting
 92751 | Vaults:4 | Reached skill level 15 in Necromancy
 92792 | Vaults:4 | Reached XP level 24. HP: 113/182 MP: 8/37
 93146 | Vaults:4 | Lost mutation: You are somewhat resistant to further
                  | mutation. [potion of mutation]
 93146 | Vaults:4 | Lost mutation: You occasionally shout uncontrollably at
                  | your foes. [potion of mutation]
 93146 | Vaults:4 | Lost mutation: Your magical capacity is low. (-10% MP)
                  | [potion of mutation]
 93146 | Vaults:4 | Gained mutation: Your magical capacity is low. (-10% MP)
                  | [potion of mutation]
 93146 | Vaults:4 | Gained mutation: You are strong-willed. (Will+) [potion of
                  | mutation]
 93146 | Vaults:4 | Gained mutation: You are highly strong-willed. (Will++)
                  | [potion of mutation]
 94929 | Vaults:5 | Entered Level 5 of the Vaults
 94937 | Vaults:5 | Reached skill level 5 in Transmutations
 95134 | Vaults:5 | Noticed a dread lich
 95476 | Vaults:4 | Killed a dread lich
 95522 | Vaults:4 | Bought a glowing helmet for 202 gold pieces
 95526 | Vaults:4 | Bought a heavily runed ring mail for 243 gold pieces
 95526 | Vaults:4 | Identified the +4 ring mail of Topery {rPois rC+ Stlth+}
                  | (You bought it in a shop on level 4 of the Vaults)
 95803 | Vaults:5 | Noticed a dread lich
 95809 | Vaults:5 | Killed a dread lich
 96230 | Vaults:5 | Noticed an ancient lich
 96231 | Vaults:5 | Noticed a dread lich
 96231 | Vaults:5 | Noticed a dread lich
 96237 | Vaults:5 | Killed a dread lich
 96238 | Vaults:5 | Reached skill level 24 in Stealth
 96242 | Vaults:5 | Killed a dread lich
 96243 | Vaults:5 | Killed an ancient lich
 96244 | Vaults:5 | Reached XP level 25. HP: 169/189 MP: 3/38
 96365 | Vaults:5 | Identified the +8 spear of Woe {freeze, rElec}
 96498 | Vaults:5 | Identified the +9 quarterstaff of Causality {elec, rF+}
 96686 | Vaults:5 | Found the ring of the Octopus King {rCorr AC+1 EV+1 Str+1
                  | Int+1 Dex+1}
 97123 | Vaults:5 | Got a silver rune of Zot
 97212 | Vaults:5 | Noticed a dread lich
 97217 | Vaults:5 | Killed a dread lich
 97484 | Vaults:5 | Found Luhotah's Jewellery Shop.
 97493 | Vaults:5 | Identified the +0 leather armour of Untold Secrets {rC++
                  | Str+2 Int-5 Stlth+}
 97733 | Vaults:5 | Identified the +4 dagger "Telifor" {vamp, rN+}
 98195 | Vaults:5 | Noticed Boris
 98203 | Vaults:5 | Killed Boris
 98346 | Vaults:5 | Found Nyir's Book Boutique.
 98358 | Vaults:5 | Bought a book of Geomancy for 308 gold pieces
 98361 | Vaults:5 | Learned a level 2 spell: Passwall
 99583 | Crypt:1  | Entered Level 1 of the Crypt
100018 | Crypt:1  | Acquired 713 gold pieces
100552 | Crypt:1  | Reached skill level 10 in Dodging
101617 | Crypt:2  | Reached skill level 15 in Earth Magic
102202 | Crypt:2  | Found a huge runed translucent gate.
102202 | Crypt:2  | Found a huge runed translucent gate.
102203 | Crypt:2  | Found a huge runed translucent gate.
102203 | Crypt:2  | Found a huge runed translucent gate.
102203 | Crypt:2  | Found a huge runed translucent gate.
102204 | Crypt:2  | Found a huge runed translucent gate.
102204 | Crypt:2  | Found a huge runed translucent gate.
102206 | Crypt:2  | Found a huge runed translucent gate.
102206 | Crypt:2  | Found a huge runed translucent gate.
102338 | Crypt:3  | Entered Level 3 of the Crypt
102561 | Crypt:3  | Reached XP level 26. HP: 175/196 MP: 4/38
103603 | Crypt:3  | Identified the amulet "Ehosump" {rPois Will+ Regen+ Str-3
                  | Stlth+}
103802 | Crypt:3  | Reached skill level 25 in Stealth
103893 | Crypt:3  | Noticed an ancient lich
103897 | Crypt:3  | Killed an ancient lich
104289 | Crypt:3  | Found a basalt altar of Yredelemnul.
104293 | Crypt:3  | Found an ancient bone altar of Kikubaaqudgha.
104429 | Crypt:3  | Found a staircase to the Tomb.
104600 | Tomb:1   | Entered Level 1 of the Tomb of the Ancients
104999 | Tomb:1   | Noticed Boris
105007 | Tomb:1   | Killed Boris
105439 | Tomb:1   | Noticed a royal mummy
105447 | Tomb:1   | Killed a royal mummy
105806 | Tomb:1   | Noticed a royal mummy
105813 | Tomb:1   | Noticed a royal mummy
105818 | Tomb:1   | Killed a royal mummy
105820 | Tomb:1   | Noticed a royal mummy
105828 | Tomb:1   | Killed a royal mummy
105870 | Tomb:1   | Noticed a royal mummy
106640 | Tomb:1   | Killed a royal mummy
107100 | Tomb:1   | Identified the ring "Taim" {Wiz Str+2}
107982 | Depths:1 | Entered Level 1 of the Depths
108726 | Depths:1 | Found a one-way gate to the infinite horrors of the Abyss.
108763 | Depths:1 | Reached XP level 27. HP: 202/202 MP: 35/39
108858 | Depths:1 | Found a gateway to Hell.
110050 | Depths:2 | Found Noufaus's Armour Boutique.
110427 | Depths:2 | Reached skill level 10 in Transmutations
112118 | Depths:3 | Reached skill level 26 in Stealth
112467 | Depths:3 | Learned a level 5 spell: Summon Mana Viper
112827 | Depths:3 | Reached skill level 1 in Hexes
113274 | Depths:3 | Reached skill level 1 in Summonings
113360 | Depths:3 | Noticed Boris
113365 | Depths:3 | Killed Boris
113403 | Depths:3 | Noticed Mara
113483 | Depths:3 | Noticed MajorAdolf's illusion
113489 | Depths:3 | Noticed MajorAdolf's illusion
113491 | Depths:3 | Slain by Mara (illusionary)

Illustrated notes

Levels and vault maps discovered:
D:1:      matt_arrival_los_fun, layout_basic,
          shapermc_ecumenical_altar_starsandcircs
D:2:      layout_basic, basic_altar
D:3:      layout_rooms, lemuel_doored_altar, uniq_grinder
D:4:      layout_basic, nicolae_wu_jian_wuxing_cycle,
          minmay_temple_entry_large_hall, nicolae_ossuary_entry_ruins,
          ebering_ghost_reflecting_pool, chequers_serial_rivers_large_a
D:5:      layout_basic, mainiacjoe_overflow_alcove_1
D:6:      layout_cave_pods, serial_column_ruins, column_ruins_square_medium,
          column_ruins_circle_small, column_ruins_open_tiny,
          column_ruins_grid_1, column_ruins_grid_1, minmay_hedge_maze,
          uniq_pikel
D:7:      layout_basic, serial_shops, nicolae_shop_waterfront, uniq_harold
D:8:      layout_cave_pools, mainiacjoe_overflow_boulevard, lair_entry_dummy,
          minmay_unpleasant_kobolds
D:9:      layout_basic, mainiacjoe_overflow_tiny_flanked, serial_rivers,
          chequers_serial_rivers_small_b, chequers_serial_rivers_large_b,
          chequers_serial_rivers_small_a, chequers_serial_rivers_marsh,
          minmay_variable_closet, nicolae_stop_n_shop_2
D:10:     minmay_skewed_foursquare, layout_layer_cave,
          ashenzari_conservatory_becter, serial_shops, nicolae_diamond_shop,
          grunt_tough_drop
D:11:     layout_roguey, nicolae_shop_sticking_my_neck_out, uniq_urug
D:12:     layout_cave_pods, hiddenorc1_lemuel
D:13:     minmay_shoctagon, layout_loops_ring, minmay_misc_feat_hallway
D:14:     layout_roguey, grunt_vaults_entry_fortified, elyvilon_altar_4,
          serial_glass, glass_columns_c, glass_columns_a, uniq_nessos,
          uniq_snorg
D:15:     grunt_enter_depths_magical_seal, layout_irregular_city,
          chequers_serial_rivers_small_3, enter_trove_3, drop_trap
Temple:   nicolae_temple_elliptical
Lair:1:   layout_gridlike, grunt_megastairs_2
Lair:2:   layout_hall_layers, serial_rivers, chequers_serial_rivers_small_a,
          chequers_serial_rivers_micro_c, chequers_serial_rivers_small_3,
          chequers_serial_rivers_micro_c, chequers_serial_rivers_room_a,
          chequers_serial_rivers_room_a
Lair:3:   layout_layer_cave, minmay_swamp_entry_worms,
          nicolae_spider_entry_orb_guardian
Lair:4:   layout_long_grid, ebering_ghost_xom, grunt_megastairs_1,
          lemuel_fruit_fields, lemuel_fruit_tree
Lair:5:   layout_cave_pods, ebering_ghost_disaster_area, beast_lair_carwin_6
Lair:6:   grunt_lair_end_beastmaster, layout_hall_layers, slime_dummy,
          serial_rivers, chequers_serial_rivers_marsh,
          chequers_serial_rivers_micro_d, chequers_serial_rivers_small_b,
          chequers_serial_rivers_small_a, chequers_serial_rivers_micro_e,
          chequers_serial_rivers_micro_b
Swamp:1:  layout_falls_marsh, evilmike_swamp_ruin_house_2, uniq_roxanne
Swamp:2:  layout_falls_marsh, evilmike_swamp_ruin_house_4, swamp_pool3,
          uniq_louise, uniq_donald
Swamp:3:  layout_falls_marsh, evilmike_swamp_ruin_house_5, swamp_pool4,
          grunt_hermit_hut, infiniplex_staircase_pool_2
Swamp:4:  nzn_swamp_witches_coven, layout_basic_swamp, swamp_pool1,
          nicolae_swamp_hydra_murder_den
Spider:1: layout_spider_delve
Spider:2: layout_chambers, gammafunk_ghost_split, drop_trap,
          nicolae_spider_nooks_and_crannies
Spider:3: layout_spider_delve
Spider:4: floodkiller_spider_rune_tomb
Slime:1:  layout_caves
Slime:2:  layout_caves
Slime:3:  layout_caves
Slime:4:  layout_caves, basic_altar
Slime:5
Orc:1:    layout_diamond_mine, nicolae_orc_rich_vein
Orc:2:    st_orc_mages, layout_caves, serial_shops, nicolae_shop_stone,
          hellmonk_bongcloud_opening
Elf:1:    eino_elf_arrival_shootout, layout_geoelf_diagonals,
          kennysheep_underground_church
Elf:2:    nicolae_elf_blades_splatter_lattice [nooodl_blade_entry_preview],
          layout_loops_cross, portal_ice_cave_entry_pillars_four,
          serial_aquarium, aquarium_bridge_long_joined
          [aquarium_subvault_balcony, aquarium_subvault_bridge,
          aquarium_subvault_wall, aquarium_subvault_bridge,
          aquarium_subvault_wall, aquarium_subvault_wall], aquarium_window_2,
          aquarium_window_1, aquarium_view_2f, aquarium_pool_2
Elf:3:    minmay_elf_hall_hex, layout_geoelf_diagonals, special_room
          [special_room_mythical_zoo], amethyst_killhole, uniq_asterion
Vaults:1: hangedman_vaults_nodes, hangedman_vaults_unwind,
          nicolae_vaults_network_barrier, nicolae_vaults_little_squares_2,
          grunt_vaults_bifocal, nicolae_vaults_holding_cells,
          hangedman_vaults_snaps, nicolae_vaults_three_branches, v_pattern_3,
          layout_vaults_maze, serial_shops, shop
Vaults:2: hangedman_vaults_stitches, nicolae_vaults_angled_halls,
          vaults_room_hangedman_quadrants, v_pattern_2,
          minmay_crypt_entry_simple_box, nicolae_vaults_little_squares_2,
          nicolae_vaults_theta, nicolae_vaults_mini_display_case,
          nicolae_vaults_little_squares_6, layout_vaults_quadrants, uniq_nikola
Vaults:3: nicolae_vaults_network_quinsquares
          [nicolae_vaults_network_quincunx_subvault,
          nicolae_vaults_network_quincunx_subvault,
          nicolae_vaults_network_quincunx_subvault,
          nicolae_vaults_network_quincunx_subvault], st_more_cells,
          hangedman_vaults_nails, vaults_standard_mumra_x,
          hangedman_vaults_cutoff, ontoclasm_vaults_idyll,
          ontoclasm_vaults_idyll, v_misc_1, nicolae_vaults_asterisk,
          layout_vaults_big_room, serial_shops, nicolae_shop_statue_plus,
          nicolae_shop_trees, shop, nicolae_shop_waterfront,
          nicolae_diamond_shop, uniq_boris, uniq_saint_roka
Vaults:4: nicolae_vaults_alarming, nicolae_vaults_little_squares_6,
          nicolae_vaults_network_periphery, nicolae_vaults_border_crossing,
          vaults_room_ringed_pool, nicolae_vaults_little_squares_3,
          hangedman_vaults_slither, ontoclasm_vaults_hangar, v_rooms_1,
          v_alt_pattern_2, vaults_dpeg_hooks, nicolae_vaults_theta,
          vaults_room_grid, grunt_vaults_hallway_short, layout_vaults_ring,
          uniq_margery
Vaults:5
Crypt:1:  layout_chaotic_city, minivault_11, corner_web_ring,
          grunt_crypt_arrival_split
Crypt:2:  cheibrodos_crypt_3hun_7po, layout_misc_corridors, tombwall_bobbens
Crypt:3:  lightli_unholy_cathedral, layout_chaotic_city,
          tomb_entry_forgotten_bobbens
Tomb:1
Depths:1: layout_honeycomb, grunt_mini_vestibule, abyss_entry,
          hangedman_decor_diamond_cutter, horrible_house_mu
Depths:2: gammafunk_mikee_crab_dinner, layout_twisted_cross, minivault_14,
          hell_entry, serial_shops, nicolae_shop_waterfront,
          kennysheep_random_hallway
Depths:3: lemuel_river_lethe, hell_entry, pan_entry, uniq_mara

Skill      XL: |  1  2  3  4  5  6  7  8  9 10 11 12 13 14 15 16 17 18 19 20 21 22 23 24 25 26 27 |
---------------+----------------------------------------------------------------------------------+-----
Stealth        | 2 3 4 5 6 8 9 11 12 14 15 16 17 18 19 20 21 22 23 24 25 26 | 26.1
Short Blades   | 1 2 3 |  3.0
Fighting       | 3 4 |  4.0
Spellcasting   | 1 2 4 5 6 7 8 9 10 11 12 13 14 15 16 17 | 17.0
Conjurations   | 1 2 4 5 7 8 9 10 11 12 13 14 15 16 17 18 | 18.3
Fire Magic     | 1 3 4 5 7 8 9 10 11 12 13 14 15 16 17 18 | 18.3
Shields        | 1 3 4 5 6 7 9 10 11 12 13 14 15 | 15.0
Necromancy     | 3 5 6 8 9 10 11 12 13 14 15 16 17 | 17.3
Earth Magic    | 3 5 6 7 8 9 10 11 12 13 14 15 | 15.0
Dodging        | 3 6 8 10 11 12 | 12.0
Transmutations | 3 6 7 9 10 | 10.0
Hexes          | 2 |  2.8
Summonings     | 1 |  1.8
Axes           | |  3.0
Polearms       | |  1.0
Throwing       | |  1.0
Armour         | |  1.5

Action                   |  1- 3 |  4- 6 |  7- 9 | 10-12 | 13-15 | 16-18 | 19-21 | 22-24 | 25-27 || total
-------------------------+-------+-------+-------+-------+-------+-------+-------+-------+-------++-------
Melee: Dagger            |   123 |   137 |    32 |       |       |       |       |       |       ||   292
       Falchion          |       |       |    51 |    69 |   335 |     5 |       |       |       ||   460
       Constrict         |       |       |       |       |    80 |    24 |     7 |     6 |     2 ||   119
       Staff             |       |       |       |       |    15 |    95 |    31 |    18 |    27 ||   186
Throw: Dart              |     1 |       |       |       |       |       |       |       |       ||     1
 Cast: Foxfire           |       |    64 |   235 |   665 |   158 |       |       |       |       ||  1122
       Conjure Flame     |       |       |     2 |     2 |     2 |     2 |     1 |     1 |       ||    10
       Starburst         |       |       |       |    19 |    88 |       |    20 |    20 |     6 ||   153
       Bolt of Magma     |       |       |       |       |   207 |   590 |   652 |   601 |   806 ||  2856
       Sublimation of Bl |       |       |       |       |    12 |    37 |    42 |    34 |    49 ||   174
       Ignition          |       |       |       |       |       |       |    20 |     7 |     4 ||    31
       Statue Form       |       |       |       |       |       |       |     1 |       |     2 ||     3
       Necromutation     |       |       |       |       |       |       |       |       |     1 ||     1
Invok: Call Merchant     |       |       |       |     1 |       |     3 |     3 |     2 |       ||     9
       Potion Petition   |       |       |       |       |       |       |       |       |     1 ||     1
 Abil: Spit Poison       |    20 |     9 |     8 |     5 |     2 |     3 |       |       |       ||    47
Evoke: Wand              |       |       |       |     8 |       |       |       |       |     1 ||     9
  Use: Potion            |     4 |     4 |       |       |       |     5 |     3 |     8 |     9 ||    33
       Scroll            |     1 |     6 |       |    16 |     3 |     8 |     5 |     9 |     9 ||    57
 Stab: Sleeping          |     2 |       |     3 |       |     5 |     2 |       |       |     1 ||    13
       Held in net/web   |       |       |       |     1 |       |       |       |       |       ||     1
       Distracted        |       |       |       |       |     9 |     2 |       |       |       ||    11
Armor: Robe              |    44 |    48 |   107 |   179 |    37 |       |       |       |       ||   415
       Leather armour    |       |       |       |       |   217 |   193 |   142 |   138 |   105 ||   795
       Skin              |       |       |       |       |       |       |       |       |     5 ||     5
Dodge: Dodged            |    72 |    38 |    50 |   151 |   128 |    70 |    48 |    74 |    77 ||   708
       Repelled          |       |       |       |     2 |     3 |       |       |       |       ||     5
Block: Buckler           |       |       |    36 |   121 |   156 |    23 |       |       |       ||   336
       Reflection        |       |       |       |     5 |     8 |       |       |       |       ||    13
       Tower shield      |       |       |       |       |       |   368 |   258 |       |       ||   626
       Kite shield       |       |       |       |       |       |       |   118 |   264 |   225 ||   607
       Rpst.: Falchion   |       |       |     6 |    26 |    29 |     1 |       |       |       ||    62
